 Dungeon Crawl Stone Soup version 0.24-a0-484-g962a3eeff7 (webtiles) character file.

Game seed: 8739467626479891697

40466 ChocolateEater the Geomancer (level 14, -7/86 HPs)
             Began as a Gargoyle Earth Elementalist on July 9, 2019.
             Was an Elder of Vehumet.
             Killed from afar by JellyEater's ghost (42 damage)
             ... with an iron shot
             ... on level 14 of the Dungeon.
             The game lasted 00:52:40 (19308 turns).

ChocolateEater the Geomancer (GrEE)                Turns: 19308, Time: 00:52:40

Health: -7/86      AC: 18    Str: 11    XL:     14   Next: 11%
Magic:  0/27       EV: 15    Int: 27    God:    Vehumet [****..]
Gold:   1279       SH:  0    Dex: 10    Spells: 17/31 levels left

rFire    + . .     SeeInvis .   y - +2 whip (elec)
rCold    + . .     Gourm    +   (no shield)
rNeg     + + .     Faith    .   r - +1 robe "Jesued" {MR+ Str-3 Int+3 Slay+3}
rPois    ∞         Spirit   .   J - +1 helmet of Elyvilon's Outrage {rN+ rCorr Str+3}
rElec    +         Reflect  .   p - +1 cloak
rCorr    +         Harm     .   (no gloves)
MR       ++...                  (no boots)
Stlth    ++........             C - amulet of the gourmand
HPRegen  0.24/turn              B - +2 ring of slaying
MPRegen  0.20/turn              a - ring of protection from fire

@: flying
A: big wings, clever 1, cold resistance 1, negative energy resistance 1,
electricity resistance, unbreathing, petrification resistance, rot immunity,
MP-powered wands, AC +10
a: Stop Flying, Renounce Religion


You were on level 14 of the Dungeon.
You worshipped Vehumet.
Vehumet was greatly pleased with you.
You were very full.

You visited 2 branches of the dungeon, and saw 15 of its levels.
You also visited: Gauntlet.

You collected 1582 gold pieces.
You spent 303 gold pieces at shops.

Inventory:

Hand Weapons
 o - a +1 whip of holy wrath
 y - a +2 whip of electrocution (weapon)
 F - a +1 morningstar of venom
Missiles
 b - 211 stones (quivered)
 w - 5 throwing nets
Armour
 e - a +2 robe of fire resistance
 n - a +1 helmet of intelligence
 p - a +1 cloak (worn)
 r - the +1 robe "Jesued" (worn) {MR+ Str-3 Int+3 Slay+3}
   (You bought it in a shop on level 5 of the Dungeon)

   It affects your strength (-3).
   It affects your intelligence (+3).
   It affects your accuracy and damage with ranged weapons and melee attacks
   (+3).
   It affects your resistance to hostile enchantments.
 J - the +1 helmet of Elyvilon's Outrage (worn) {rN+ rCorr Str+3}
   (You found it in a Gauntlet)

   It affects your strength (+3).
   It protects you from negative energy.
   It provides partial protection from all sources of acid and corrosion.
Jewellery
 a - a ring of protection from fire (right hand)
 B - a +2 ring of slaying (left hand)
 C - an amulet of the gourmand (around neck)
 I - the ring of the Ban {-Tele rF+ MR+ Int+2}
   (You found it in a Gauntlet)

   [ring of protection from fire]

   It affects your intelligence (+2).
   It protects you from fire.
   It affects your resistance to hostile enchantments.
   It prevents most forms of teleportation.
Wands
 g - a wand of polymorph (11)
 i - a wand of flame (9)
 m - a wand of acid (4)
 D - a wand of random effects (59)
 K - a wand of paralysis (10)
Scrolls
 k - 3 scrolls of remove curse
 l - 6 scrolls of amnesia
 u - 5 scrolls of teleportation
 x - 5 scrolls of magic mapping
 G - a scroll of fear
Potions
 c - 9 potions of curing
 f - 2 potions of heal wounds
 h - 2 potions of berserk rage
 j - a potion of brilliance
 q - a potion of flight
 s - a potion of might
 t - 5 potions of agility
 v - a potion of cancellation
 z - 2 potions of lignification
 A - a potion of haste
Miscellaneous
 E - a box of beasts
 L - a lamp of fire (inert)
Comestibles
 d - 27 rations


   Skills:
 + Level 9.5 Fighting
 + Level 8.6 Maces & Flails
 - Level 6.0 Armour
 + Level 7.4 Dodging
 - Level 2.1 Stealth
 + Level 9.4 Spellcasting
 + Level 10.6 Conjurations
   Level 0.7 Transmutations
 + Level 12.2 Earth Magic
 - Level 6.0 Evocations


You had 17 spell levels left.
You knew the following spells:

 Your Spells              Type           Power        Failure   Level  Hunger
a - Sandblast             Erth           ######       1%          1    None
b - Stone Arrow           Conj/Erth      ######       1%          3    None
c - Lee's Rapid Deconstr  Erth           ######....   1%          5    ####...
d - Bolt of Draining      Conj/Necr      #####.....   4%          5    ####...

Your spell library contained the following spells:

 Spells                   Type           Power        Failure   Level  Hunger
 Force Lance              Conj/Tloc      #####...     1%          4    None
 Shock                    Conj/Air       ####         1%          1    None
 Passwall                 Tmut/Erth      #####...     1%          2    None
 Static Discharge         Conj/Air       #####...     1%          3    None
 Petrify                  Tmut/Erth      #####...     3%          4    None
 Animate Skeleton         Necr           N/A          4%          1    None
 Pain                     Necr           ##..         4%          1    None
 Lightning Bolt           Conj/Air       #####.....   4%          5    ####...
 Corpse Rot               Necr           N/A          7%          2    None
 Swiftness                Chrm/Air       ##......     7%          2    None
 Airstrike                Air            ##........   12%         4    None
 Regeneration             Chrm/Necr      ##........   14%         3    None
 Vampiric Draining        Necr           ##........   14%         3    None
 Conjure Ball Lightning   Conj/Air       #####.....   21%         6    #####..
 Animate Dead             Necr           N/A          41%         4    None
 Summon Lightning Spire   Summ/Air       ##......     41%         4    None
 Agony                    Necr           ##......     77%         5    ####...
 Dispel Undead            Necr           ##......     77%         5    ####...
 Excruciating Wounds      Chrm/Necr      ##........   77%         5    ####...
 Silence                  Hex/Air        ##........   77%         5    ####...
 Deflect Missiles         Chrm/Air       ##........   100%        6    #####..
 Tornado                  Air            ##........   100%        9    #######
 Sublimation of Blood     Necr           Unusable     N/A         2    N/A

Dungeon Overview and Level Annotations

Branches:
Dungeon (14/15)            Temple (1/1) D:7            Lair (0/6) D:11
    Orc (0/2) D:12         Vaults (0/5) D:13

Altars:
Ashenzari
Cheibriados
Dithmenos
Elyvilon
Fedhas
Gozag
Hepliaklqana
Kikubaaqudgha
Makhleb
Nemelex Xobeh
Okawaru
Qazlal
Ru
Sif Muna
Trog
Uskayaw
Vehumet
Wu Jian
Xom
Yredelemnul
Zin
The Shining One

Shops:
D:4 *   D:5 [   D:11 [

Annotations:
D:8 2 transporters
D:14 JellyEater's ghost, journeyman GrEE; PeterQ's ghost, journeyman GnAs; Stajl's ghost, journeyman HOFi


Innate Abilities, Weirdness & Mutations

You are resistant to torment.
Your stone body is resilient. (AC +10)
You are immune to poison.
Your large and strong wings let you fly indefinitely.
You resist negative energy. (rN+)
You are resistant to electric shocks. (rElec)
You can survive without breathing.
You are immune to petrification.
You are immune to rotting.
Your mind is acute. (Int +2)
Your flesh is cold resistant. (rC+)
You expend magic power (3 MP) to strengthen your wands.


Message History

JellyEater's ghost is almost destroyed.
JellyEater's ghost is engulfed in blazing flames.
JellyEater's ghost hits you but does no damage.
Evoke which item? (* to show all) (? for menu, Esc to quit)
Aiming: Corrosive Bolt
Press: ? - help, Shift-Dir - straight line The bolt of acid hits JellyEater's ghost.
JellyEater's ghost is splashed with acid.
JellyEater's ghost seems to be corroded for longer.
JellyEater's ghost is almost destroyed.
JellyEater's ghost hits you!
Evoke which item? (* to show all) (? for menu, Esc to quit)
Aiming: Corrosive Bolt
Press: ? - help, Shift-Dir - straight line You feel a slight surge of power.
The bolt of acid misses JellyEater's ghost.
JellyEater's ghost is engulfed in blazing flames.
JellyEater's ghost gestures at you while chanting.
The iron shot hits you!!!
You die...

≈≈.≈≈≈≈..###≈≈##................#
≈≈.≈≈≈≈..#......................#
≈≈.≈≈≈#..#.#####.#.####.........#
...........# #.#.# #.#≈#######
.....##..#.# #.#.# #.≈≈≈##
.....##..#.# #.#.####.≈≈≈≈#####
.....##..#.#####.#......≈≈≈##....
.....##.......)..########≈###....
##.##......#####@###### #####....
#.##......# #W#W⌠.:## #.......
##.##......# ##○#W...8# #.......
...........# #..#.....! #....###
##.##......####.○'.....[ #....#
#...............○'.....8 #....#
#..###.....####..○.....% #....#
#..###.....## #..#°..... ######
...........<####.#....8#


You could see JellyEater's ghost.

Vanquished Creatures
  A minotaur (Gauntlet)
  Erolcha (D:11)
  Harold (D:11)
  A catoblepas (D:14)
  2 centaur warriors
  3 hydras
  4 vault guards (D:13)
  3 two-headed ogres
  Erica (D:8)
  A death knight (D:13)
  A tengu warrior (D:13)
  Nergalle (D:12)
  Sonja (D:11)
  3 unseen horrors
  A death drake (Gauntlet)
  Pikel (D:6)
  2 wizards
  3 cyclopes
  2 manticores (D:12)
  14 ugly things
  Joseph (D:8)
  4 centaur zombies
  Psyche (D:8)
  A gargoyle (D:12)
  A spectral redback (Gauntlet)
  3 centaur skeletons (D:13)
  3 meliai (D:13)
  A polar bear (D:9)
  Prince Ribbit (D:6)
  3 hippogriffs
  6 slime creatures
  Sigmund (D:2)
  3 shadows
  2 water elementals (D:14)
  2 vampires
  A wraith (D:12)
  3 wyverns
  3 yaks (D:11)
  2 hungry ghosts
  2 wargs (D:11)
  Edmund (D:4)
  An acid dragon (D:11)
  A water moccasin (D:11)
  7 orc warriors
  3 sky beasts
  A hornet zombie (D:13)
  4 ice beasts
  3 phantoms
  A black bear (D:9)
  2 slaves (D:6)
  4 centaurs
  7 ogres
  A crocodile (D:14)
  3 big kobolds
  11 bullfrogs
  A hornet simulacrum (D:14)
  4 scorpions
  A water moccasin skeleton (D:7)
  2 troll zombies (D:12)
  5 wights (D:10)
  A howler monkey (D:9)
  6 electric eels
  6 crimson imps
  9 hounds
  2 quasits
  2 jellies
  11 orc priests
  Crazy Yiuf (D:2)
  An iguana (D:13)
  A bullfrog skeleton (D:12)
  Natasha (thrice) (D:2)
  Terence (D:2)
  12 orc wizards
  13 worker ants
  2 killer bee zombies
  6 ogre zombies (D:12)
  A hound skeleton (D:10)
  Robin (D:3)
  4 gnolls
  9 adders
  A hound simulacrum (D:9)
  3 white imps (Gauntlet)
  An ooze (D:1)
  2 worms
  2 dart slugs (D:1)
  6 leopard geckos
  42 orcs
  A ball python (D:2)
  3 giant cockroaches
  11 goblins
  6 hobgoblins
  5 quokkas
  15 bats
  7 frilled lizards
  3 goblin skeletons (D:12)
  5 goblin zombies (D:12)
  A hobgoblin skeleton (D:12)
  3 hobgoblin zombies (D:12)
  18 kobolds
  A leopard gecko skeleton (D:7)
  2 orc skeletons (D:12)
  11 orc zombies (D:12)
  9 rats
404 creatures vanquished.

Vanquished Creatures (others)
  A crimson imp (D:6)
  A fungus (Gauntlet)
  A plant (Gauntlet)
  3 withered plants (D:14)
6 creatures vanquished.

Grand Total: 410 creatures vanquished

Notes
Turn   | Place    | Note
-------+----------+-------------------------------------------
     0 | D:1      | ChocolateEater the Gargoyle Earth Elementalist began the
                  | quest for the Orb.
     0 | D:1      | Reached XP level 1. HP: 10/10 MP: 3/3
    28 | D:1      | Reached XP level 2. HP: 15/15 MP: 0/5
   103 | D:1      | Reached skill level 4 in Earth Magic
   354 | D:1      | Reached XP level 3. HP: 19/19 MP: 4/7
   359 | D:1      | Learned a level 3 spell: Stone Arrow
   865 | D:2      | Noticed Natasha
   871 | D:2      | Killed Natasha
   871 | D:2      | Reached skill level 1 in Conjurations
   871 | D:2      | Reached XP level 4. HP: 7/24 MP: 4/8
  1296 | D:2      | Noticed Sigmund
  1360 | D:2      | Killed Sigmund
  1360 | D:2      | Reached skill level 5 in Earth Magic
  1360 | D:2      | Reached XP level 5. HP: 25/28 MP: 2/10
  1360 | D:2      | Reached XP level 6. HP: 28/32 MP: 2/11
  1387 | D:2      | Noticed Natasha
  1394 | D:2      | Killed Natasha
  1637 | D:2      | Noticed Natasha
  1642 | D:2      | Killed Natasha
  1677 | D:2      | Learned a level 5 spell: Lee's Rapid Deconstruction
  1889 | D:2      | Found a runed translucent door.
  1890 | D:2      | Noticed Crazy Yiuf
  1894 | D:2      | Paralysed by Crazy Yiuf for 2 turns
  1898 | D:2      | Killed Crazy Yiuf
  1898 | D:2      | Reached skill level 6 in Earth Magic
  2086 | D:2      | Found a deep blue altar of Sif Muna.
  2098 | D:2      | Noticed Terence
  2112 | D:2      | Killed Terence
  2569 | D:3      | Noticed Robin
  2581 | D:3      | Reached XP level 7. HP: 34/36 MP: 11/13
  2583 | D:3      | Killed Robin
  3371 | D:4      | Found Zin's Purification Station.
  3373 | D:4      | Found a glowing silver altar of Zin.
  3570 | D:4      | Found an iron altar of Okawaru.
  3574 | D:4      | Gained mutation: You tend to lose your temper in combat.
                  | [potion of mutation]
  3574 | D:4      | Gained mutation: You are surrounded by a mild repulsion
                  | field. (EV +2) [potion of mutation]
  3730 | D:4      | Noticed Edmund
  3738 | D:4      | Killed Edmund
  3771 | D:4      | Found a blossoming altar of Fedhas.
  3771 | D:4      | Found an ancient bone altar of Kikubaaqudgha.
  4417 | D:4      | Found a shimmering altar of Xom.
  4573 | D:5      | Entered Level 5 of the Dungeon
  4761 | D:5      | Found an opulent altar of Gozag.
  4892 | D:5      | Found a hazy altar of Hepliaklqana.
  5108 | D:5      | Found Guikeh's Antique Armour Shoppe.
  5121 | D:5      | Bought a glowing helmet for 172 gold pieces
  5147 | D:5      | Bought a creamy pearl robe for 131 gold pieces
  5157 | D:5      | Identified the +1 robe "Jesued" {MR+ Str-3 Int+3 Slay+3}
                  | (You bought it in a shop on level 5 of the Dungeon)
  5257 | D:5      | Found an ornate altar of the Wu Jian Council.
  5343 | D:6      | Reached skill level 7 in Earth Magic
  5383 | D:6      | Reached skill level 5 in Spellcasting
  5383 | D:6      | Reached XP level 8. HP: 38/42 MP: 7/15
  5489 | D:6      | Reached skill level 1 in Maces & Flails
  5521 | D:6      | Reached skill level 1 in Fighting
  5521 | D:6      | Reached skill level 1 in Armour
  5586 | D:6      | Reached skill level 5 in Conjurations
  5586 | D:6      | Reached skill level 1 in Evocations
  5872 | D:6      | Noticed Pikel
  5885 | D:6      | Killed Pikel
  5885 | D:6      | Reached XP level 9. HP: 45/49 MP: 0/17
  6117 | D:6      | Noticed a cyclops
  6125 | D:6      | Killed a cyclops
  6130 | D:6      | Noticed Prince Ribbit
  6333 | D:6      | Reached skill level 8 in Earth Magic
  7041 | D:6      | Found a sparkling altar of Nemelex Xobeh.
  7441 | D:7      | Found a shadowy altar of Dithmenos.
  7909 | D:8      | Noticed Psyche
  7912 | D:8      | Killed Psyche
  7972 | D:8      | Found a transporter.
  8064 | D:8      | Noticed Joseph
  8068 | D:8      | Killed Joseph
  8068 | D:8      | Reached XP level 10. HP: 56/56 MP: 15/19
  8104 | D:8      | Found a transporter.
  8440 | D:8      | Noticed Erica
  8453 | D:8      | Killed Erica
  8553 | D:8      | Found a basalt altar of Yredelemnul.
  8675 | D:9      | Noticed a two-headed ogre
  8681 | D:9      | Killed a two-headed ogre
  8775 | D:9      | Reached skill level 5 in Fighting
  8958 | D:9      | Reached skill level 5 in Armour
  9127 | D:9      | Reached skill level 9 in Earth Magic
  9384 | D:9      | Found a hide-covered altar of Uskayaw.
  9387 | D:9      | Noticed a +0 hand axe
  9388 | D:9      | Noticed a +0 hand axe
  9590 | D:10     | Entered Level 10 of the Dungeon
  9746 | D:10     | Reached XP level 11. HP: 57/64 MP: 16/21
 10170 | D:10     | Reached skill level 5 in Maces & Flails
 10258 | D:10     | Got an ebony war axe
 10259 | D:10     | Identified the +8 war axe of Wounding {holy, *Contam rF++
                  | MR+} (You found it on level 10 of the Dungeon)
 10569 | D:6      | Killed Prince Ribbit
 10899 | D:7      | Found a staircase to the Ecumenical Temple.
 10905 | Temple   | Entered the Ecumenical Temple
 10945 | Temple   | Became a worshipper of Vehumet
 11133 | D:11     | Noticed a cyan ugly thing
 11138 | D:11     | Killed a cyan ugly thing
 11322 | D:11     | Noticed a purple ugly thing
 11331 | D:11     | Killed a purple ugly thing
 11690 | D:11     | Noticed a red ugly thing
 11693 | D:11     | Killed a red ugly thing
 11822 | D:11     | Noticed a six-headed hydra
 11830 | D:11     | Killed a six-headed hydra
 12065 | D:11     | Found a staircase to the Lair.
 12071 | D:11     | Reached skill level 5 in Evocations
 12083 | D:11     | Noticed Sonja
 12088 | D:11     | Killed Sonja
 12088 | D:11     | Reached skill level 5 in Dodging
 12347 | D:11     | Noticed Erolcha
 12350 | D:11     | Killed Erolcha
 12350 | D:11     | Reached skill level 10 in Earth Magic
 12423 | D:11     | Found Quezod's Armour Boutique.
 12488 | D:11     | Noticed Harold
 12491 | D:11     | Killed Harold
 12491 | D:11     | Reached XP level 12. HP: 71/71 MP: 23/23
 12938 | D:12     | Reached * piety under Vehumet
 12938 | D:12     | Offered knowledge of Freeze by Vehumet.
 13035 | D:12     | Noticed Nergalle
 13040 | D:12     | Killed Nergalle
 13780 | D:12     | Noticed a two-headed ogre
 13784 | D:12     | Killed a two-headed ogre
 13891 | D:12     | Offered knowledge of Throw Frost by Vehumet.
 13900 | D:12     | Found a staircase to the Orcish Mines.
 13904 | D:12     | Reached ** piety under Vehumet
 14221 | D:12     | Lost mutation: You tend to lose your temper in combat.
                  | [potion of mutation]
 14221 | D:12     | Lost mutation: You are surrounded by a mild repulsion
                  | field. (EV +2) [potion of mutation]
 14221 | D:12     | Gained mutation: Your mind is acute. (Int +2) [potion of
                  | mutation]
 14221 | D:12     | Gained mutation: You expend magic power (3 MP) to
                  | strengthen your wands. [potion of mutation]
 14221 | D:12     | Gained mutation: Your flesh is cold resistant. (rC+)
                  | [potion of mutation]
 14249 | D:12     | Offered knowledge of Ignite Poison by Vehumet.
 15054 | D:13     | Found a gate leading to a gauntlet.
 15152 | D:13     | Reached *** piety under Vehumet
 15170 | Gauntlet | Entered a Gauntlet
 15170 | Gauntlet | Found a transporter.
 15170 | Gauntlet | Found a transporter.
 15175 | Gauntlet | Found a transporter.
 15190 | Gauntlet | Found a transporter.
 15215 | Gauntlet | Found a transporter.
 15218 | Gauntlet | Found a transporter.
 15233 | Gauntlet | Noticed a catoblepas
 15234 | Gauntlet | Found a transporter.
 15301 | Gauntlet | Found a transporter.
 15316 | Gauntlet | Found a transporter.
 15318 | Gauntlet | Found a large runed translucent door.
 15318 | Gauntlet | Found a large runed translucent door.
 15319 | Gauntlet | Found a large runed translucent door.
 15319 | Gauntlet | Found a large runed translucent door.
 15320 | Gauntlet | Found a large runed translucent door.
 15320 | Gauntlet | Found a runed translucent door.
 15320 | Gauntlet | Found a large runed translucent door.
 15320 | Gauntlet | Found a runed translucent door.
 15320 | Gauntlet | Found a large runed translucent door.
 15320 | Gauntlet | Found a large runed translucent door.
 15321 | Gauntlet | Found a large runed translucent door.
 15321 | Gauntlet | Found a large runed translucent door.
 15324 | Gauntlet | Found a large runed translucent door.
 15324 | Gauntlet | Found a large runed translucent door.
 15326 | Gauntlet | Found a large runed translucent door.
 15326 | Gauntlet | Found a large runed translucent door.
 15326 | Gauntlet | Found a large runed translucent door.
 15328 | Gauntlet | Found a runed translucent gate.
 15328 | Gauntlet | Found a runed translucent gate.
 15328 | Gauntlet | Found a runed translucent gate.
 15330 | Gauntlet | Found a transporter.
 15331 | Gauntlet | Found the +8 glaive of the Guard {elec, +Rage AC+5 SInv}
 15341 | Gauntlet | Found a large runed translucent door.
 15343 | Gauntlet | Found a transporter.
 15359 | Gauntlet | Found a transporter.
 15426 | Gauntlet | Found a transporter.
 15442 | Gauntlet | Found a transporter.
 15460 | Gauntlet | Found a transporter.
 15470 | Gauntlet | Found a transporter.
 15609 | Gauntlet | Got a sparkling gossamer ring
 15611 | Gauntlet | Identified the ring of the Ban {-Tele rF+ MR+ Int+2} (You
                  | found it in a Gauntlet)
 15650 | Gauntlet | Reached skill level 11 in Earth Magic
 15666 | Gauntlet | Got a dazzling helmet
 15677 | Gauntlet | Identified the +1 helmet of Elyvilon's Outrage {rN+ rCorr
                  | Str+3} (You found it in a Gauntlet)
 15683 | Gauntlet | Learned a level 5 spell: Bolt of Draining
 15864 | Gauntlet | Identified the cursed +0 battleaxe of Conscience {chop,
                  | rElec rPois}
 15864 | Gauntlet | Noticed a minotaur
 15873 | Gauntlet | Killed a minotaur
 16073 | D:13     | Reached XP level 13. HP: 78/78 MP: 25/25
 16113 | D:13     | Offered knowledge of Fulminant Prism by Vehumet.
 16329 | D:13     | Identified a scroll of acquirement
 17183 | D:13     | Found a gate to the Vaults.
 17183 | D:13     | Noticed a vault guard
 17183 | D:13     | Noticed a vault guard
 17183 | D:13     | Noticed a vault guard
 17183 | D:13     | Noticed a vault guard
 17188 | D:13     | Killed a vault guard
 17190 | D:13     | Killed a vault guard
 17190 | D:13     | Reached **** piety under Vehumet
 17217 | D:13     | Killed a vault guard
 17218 | D:13     | Reached skill level 10 in Conjurations
 17219 | D:13     | Killed a vault guard
 17565 | D:14     | Found a runed translucent gate.
 17565 | D:14     | Found a runed translucent gate.
 17566 | D:14     | Found a runed translucent gate.
 17569 | D:14     | Noticed JellyEater's ghost (journeyman GrEE)
 17569 | D:14     | Noticed Stajl's ghost (journeyman HOFi)
 17569 | D:14     | Noticed PeterQ's ghost (journeyman GnAs)
 17736 | D:14     | Offered knowledge of Force Lance by Vehumet.
 18027 | D:14     | Reached skill level 12 in Earth Magic
 18775 | D:14     | Gained mutation: Your large and strong wings let you fly
                  | indefinitely. [Gargoyle growth]
 18775 | D:14     | Reached XP level 14. HP: 86/86 MP: 9/27
 19308 | D:14     | Killed from afar by JellyEater's ghost

Levels and vault maps discovered:
D:1:      dpeg_arrival_lava_temple_mockup, layout_basic, minmay_misc_feat_x
D:2:      layout_loops_corners, lemuel_blue_sif_altar, uniq_sigmund,
          uniq_terence, uniq_natasha, uniq_crazy_yiuf_cottage
D:3:      layout_loops_corners, first_ration, uniq_robin
D:4:      layout_layer_cave, grunt_temple_overflow_growth_and_decay, zin_purify,
          nicolae_overflow_hidden_temple, minivault_24, uniq_edmund
D:5:      layout_cave_pods, kennysheep_mini, lemuel_crystal_altar,
          grunt_gozag_breadcrumbs, serial_shops, shop, palyth_stone_intersect
D:6:      minmay_general_purpose_star, layout_layer_cave,
          nemelex_xobeh_ov_fountains_minmay, hangedman_decor_slide_cut,
          roderic_batcave, uniq_prince_ribbit1, uniq_pikel
D:7:      layout_basic, overflow_temple_1_default,
          minmay_temple_entry_from_below_a
D:8:      gammafunk_cloud_chamber, layout_rooms, lemuel_crystal_altar,
          uniq_joseph, uniq_erica, uniq_psyche
D:9:      layout_big_octagon, dancing_weapons_uskayaw, serial_ice, serial_ice_n,
          serial_ice_f, serial_ice_e, serial_ice_j, serial_ice_g
D:10:     layout_long_grid
D:11:     layout_basic, erik_lair_orcish_takeover, serial_shops, shop_fountains,
          uniq_harold, uniq_sonja, uniq_erolcha
D:12:     layout_roguey, zombieorc2_lemuel, uniq_nergalle
D:13:     layout_stronghold, lightli_vaults_fourway_checkpoint,
          gauntlet_entry_generic
D:14:     layout_basic, gammafunk_ghost_cemetery
Temple:   kb_temple_of_zot

Skill      XL: |  1  2  3  4  5  6  7  8  9 10 11 12 13 |
---------------+----------------------------------------+-----
Earth Magic    | 4 5 6 7 8 9 10 11 12 | 12.2
Spellcasting   | 3 4 5 6 7 8 9 |  9.4
Conjurations   | 1 2 3 4 5 6 7 8 9 10 | 10.6
Maces & Flails | 2 3 4 5 7 8 |  8.6
Fighting       | 2 4 5 6 7 9 |  9.5
Armour         | 2 4 5 6 |  6.0
Evocations     | 2 3 4 5 6 |  6.0
Dodging        | 2 3 4 5 6 7 |  7.4
Stealth        | |  2.1
Transmutations | |  0.7

Action                   |  1- 3 |  4- 6 |  7- 9 | 10-12 | 13-15 || total
-------------------------+-------+-------+-------+-------+-------++-------
Melee: Club              |    33 |       |       |       |       ||    33
       Unarmed           |     2 |       |       |       |       ||     2
       Dagger            |    32 |    72 |    70 |       |       ||   174
       Falchion          |       |       |    28 |       |       ||    28
       Whip              |       |       |    83 |   387 |   114 ||   584
 Cast: Sandblast         |    15 |    23 |    55 |   113 |    39 ||   245
       Stone Arrow       |       |     5 |     3 |    14 |     5 ||    27
       Lee's Rapid Decon |       |       |     7 |    56 |    55 ||   118
       Bolt of Draining  |       |       |       |     4 |     5 ||     9
 Abil: Fly               |       |       |       |       |     1 ||     1
Evoke: Wand              |       |       |    13 |    16 |     7 ||    36
       Lamp of fire      |       |       |       |       |     2 ||     2
  Use: Scroll            |       |     8 |     9 |    10 |     3 ||    30
       Potion            |       |     2 |     2 |     7 |     1 ||    12
 Stab: Sleeping          |     1 |     1 |     2 |       |       ||     4
       Distracted        |       |       |       |     1 |       ||     1
  Eat: Chunk             |       |     6 |    34 |    35 |    20 ||    95
       Ration            |       |       |     1 |       |       ||     1
Armor: Robe              |    34 |    29 |    88 |   156 |    68 ||   375
Dodge: Dodged            |    62 |    44 |   145 |   296 |    89 ||   636
       Rpst.: Falchion   |       |       |    12 |       |       ||    12

Table legend:
 A = Non-vault XP
 B = Vault XP
 C = Vault XP percentage of total XP
 D = Non-vault monster count
 E = Vault monster count
 F = Vault count percentage of total count
                 A         B        C        D         E       F
            +---------+---------+-------+---------+---------+-------
      Total |   38155 |   19654 |  34.0 |     295 |     107 |  26.6
            +---------+---------+-------+---------+---------+-------
        D:1 |      57 |       0 |   0.0 |      24 |       0 |   0.0
        D:2 |     145 |     350 |  70.7 |      16 |       4 |  20.0
        D:3 |     132 |      35 |  21.0 |      16 |      11 |  40.7
        D:4 |     116 |     157 |  57.5 |       9 |       1 |  10.0
        D:5 |      35 |       0 |   0.0 |       2 |       0 |   0.0
        D:6 |    1792 |    1088 |  37.8 |      28 |      14 |  33.3
        D:7 |     401 |       0 |   0.0 |      13 |       0 |   0.0
        D:8 |     412 |    1772 |  81.1 |       8 |       3 |  27.3
        D:9 |    1998 |     587 |  22.7 |      22 |       4 |  15.4
       D:10 |    2125 |       0 |   0.0 |      30 |       0 |   0.0
       D:11 |    5093 |    3402 |  40.0 |      19 |      12 |  38.7
       D:12 |    6300 |    1546 |  19.7 |      39 |      37 |  48.7
       D:13 |    5857 |    6776 |  53.6 |      30 |      11 |  26.8
       D:14 |   13692 |       0 |   0.0 |      39 |       0 |   0.0
   Gauntlet |       0 |    3941 | 100.0 |       0 |      10 | 100.0
            +---------+---------+-------+---------+---------+-------
